DJ KHALED, chaotic male elven Wizard ------------ |..........| ..I........| |..........| -------|-|-- ### # # ## -|-|--.------- +............| |............| |............| |..........(.| |.......<....| -------------- DJ KHALED the Conjurer Experience level: 3 Strength: 12 Dexterity: 12 Constitution: 13 Intelligence: 17 Wisdom: 12 Charisma: 10 Health: 0(17) Energy: 35(35) Def: 1 Gold: 458 Moves: 2079 Dungeon seed: 64vfmIqARxoZfvql Game ID: DJ KHALED_1501575312 Your Inventory: Coins $ - 458 gold pieces Weapons a - a blessed +1 quarterstaff (weapon in hands) Armor e - an uncursed +0 cloak of magic resistance (being worn) Scrolls i - a blessed scroll of light j - an uncursed scroll of magic mapping k - an uncursed scroll of enchant weapon o - an uncursed scroll of identify s - an uncursed scroll of confuse monster y - an uncursed scroll of earth Spellbooks l - a blessed spellbook of force bolt m - an uncursed spellbook of sleep w - an uncursed spellbook of blank paper Potions f - 2 uncursed potions of restore ability g - an uncursed potion of invisibility h - 2 uncursed potions of gain energy u - an uncursed potion of see invisible Rings c - an uncursed ring of free action (on right hand) d - an uncursed ring of regeneration (on left hand) Wands b - a wand of secret door detection (0:11) t - a wand of slow monster (0:3) Tools n - an uncursed wooden flute x - an uncursed towel Gems q - an uncursed worthless piece of black glass Spells and supernatural/magical abilities: Name Level Category Fail Memory a - force bolt 1 attack 0% 90% z - sleep 1 enchantment 0% 90% W - pray for help -- divine ? -- Your skills at the end: Fighting Skills Weapon Skills quarterstaff [Basic] Spellcasting Skills attack spells [Basic] enchantment spells [Basic] Final Attributes: You were piously aligned. You were magic-protected. You had infravision. You regenerated. You had free action. You were unlucky. Anhur was angry with you. You are dead. Vanquished creatures: an iguana 2 hobbits a large kobold a giant rat 2 geckos 4 jackals a kobold 4 grid bugs 2 lichens 7 newts 25 creatures vanquished. Voluntary challenges: You used a wielded weapon 16 times, starting on turn 307. You read items or engraved 3 times, starting on turn 570. You never genocided any monsters. You never polymorphed an object. You never changed form. You used no wishes. You never split a pudding. You wrote Elbereth's name 3 times, starting on turn 570. You never violated your personal moral code. Dungeon overview: The Dungeons of Doom: levels 1 to 5 Level 1 a fountain a long staircase Level 2 a general store Level 3 a fountain Level 4 a long staircase Level 5 <- You were here History has recorded: On T:1 you entered the Dungeons of Doom to retrieve the Amulet of Yendor! On T:514 you reached level 2 of The Dungeons of Doom. On T:981 you reached level 3 of The Dungeons of Doom. On T:1203 you advanced to experience level 2. On T:1465 you reached level 4 of The Dungeons of Doom. On T:1618 you advanced to experience level 3. On T:1837 you reached level 5 of The Dungeons of Doom. Score breakdown: Gold: 458 ( 9054 points) Experience: 3 levels ( 7878 points) Exploration: 5 levels ( 9.80%) ( 8485 points) Discoveries: 2 items ( 0.72%) ( 2553 points) Valuables value: (no points given unless you survive) Artifact value: 0 ( 0 points) Variety of kills: 10 monsters ( 2.62%) ( 4860 points) Turncount: 2079 turns ( -58 points) Survival: died (score multiplied by 80%) Total score: 26217 Latest messages: You miss the large kobold. The large kobold just misses! You miss the large kobold. You faint from lack of food. You come to. You begin praying to Anhur. You feel that Anhur is displeased. You faint from lack of food. You come to. You faint from lack of food. You come to. You faint from lack of food. You come to. You faint from lack of food. You come to. You faint from lack of food. You come to. You faint from lack of food. The flask crashes on your head and breaks into shards. It hits! (4x) You die... Final status: Goodbye DJ KHALED the Wizard, killed by a gnome lord, while fainted from lack of food... You died in The Dungeons of Doom on dungeon level 5 with 26217 points, and 458 pieces of gold, after 2079 moves. You were level 3 with a maximum of 17 hit points when you died.